 Dungeon Crawl Stone Soup version 0.31-a0-187-gba352fbbf7 (webtiles) character file.

Game seed: 16662944888678796539

226 qw the Skirmisher (level 5, -9/29 HPs)
             Began as a Deep Elf Hunter on June 22, 2023.
             Mangled by an iguana (10 damage)
             ... on level 4 of the Dungeon.
             The game lasted 00:01:04 (2962 turns).

qw the Skirmisher (Deep Elf Hunter)                 Turns: 2962, Time: 00:01:04

Health: -9/29      AC:  6    Str: 10    XL:     5   Next: 69%
Magic:  7/7        EV: 11    Int: 14    God:
Gold:   137        SH:  0    Dex: 18    Spells: 4/4 levels left

rFire   . . .        Y - +0 shortbow
rCold   . . .        (shield currently unavailable)
rNeg    . . .        i - +0 ring mail
rPois   .            b - +0 helmet
rElec   .            (no cloak)
rCorr   .            (no gloves)
SInv    .            (no boots)
Will    .....        (no amulet)
Stlth   +            (no ring)
HPRegen 0.24/turn    (no ring)
MPRegen 0.10/turn

%: no passive effects
@: no status effects
A: no striking features
a: no special abilities


You were on level 4 of the Dungeon.
You visited 1 branch of the dungeon, and saw 4 of its levels.

You collected 137 gold pieces.


   Skills:
 + Level 1.5 Fighting
 - Level 9.3 Ranged Weapons
 - Level 2.4 Dodging
 - Level 1.2 Stealth


You had 4 spell levels left.
You didn't know any spells.
Your spell library was empty.

Inventory:

Hand Weapons
 Y - a +0 shortbow (weapon)
Armour
 b - a +0 helmet (worn)
 i - a +0 ring mail (worn)
Jewellery
 j - an amulet of regeneration
Scrolls
 g - 3 scrolls of identify
 h - a scroll of teleportation {unknown}
Potions
 a - 2 potions of haste {unknown}
 c - a potion of enlightenment {unknown}
 d - a potion of degeneration {unknown}
 e - a potion of attraction {unknown}
 f - 2 potions of curing {unknown}
 k - a potion of berserk rage {unknown}

Dungeon Overview and Level Annotations

Branches:
Dungeon (4/15)
 Temple: D:4-7

Altars:


Message History

You shoot an arrow. The arrow hits the scorpion!
The scorpion is severely wounded.
You shoot an arrow. The arrow hits the scorpion!
You kill the scorpion!
Your Ranged Weapons skill increases to level 9!
A kobold comes into view. It is wielding a +0 short sword.
Enter note:
Enter note:
Enter note:
Enter note:
Enter note:
Enter note: You shoot an arrow.
The arrow barely misses the kobold.
You shoot an arrow. The arrow completely misses the kobold.
An iguana comes into view.
You shoot an arrow. The iguana hisses angrily.
The arrow hits the kobold!
You kill the kobold!
You shoot an arrow. The arrow hits the iguana.
The iguana is lightly wounded.
You shoot an arrow. The arrow completely misses the iguana.
You shoot an arrow. The arrow hits the iguana!
The iguana is severely wounded.
You shoot an arrow. The arrow closely misses the iguana.
You shoot an arrow. The arrow barely misses the iguana.
You shoot an arrow.
The arrow hits the iguana but does no damage.
The iguana is severely wounded.
The iguana bites you!
You shoot an arrow. The arrow barely misses the iguana.
The iguana bites you. x2
You shoot an arrow. The arrow hits the iguana.
The iguana is severely wounded.
The iguana bites you!
You shoot an arrow.
The arrow hits the iguana but does no damage.
The iguana is severely wounded.
The iguana bites you!
You die...

#...........#..#.#+#.
.#.#.
#.........###.#.#
#.#.#.#
#..............#+#
.#.#<#.
####+#..>%........
#.#.#.#
##+###'##.......
#.#.#.
#................
#?#.#
#................
#.#.
#.........####+#. #.#
#........@# #.
#........l# #
#.........# #.
#.........# #)#
.........# #.#.
.......)# #.#.#
........# #.#.#.
......... +#+#


You could see an iguana.

Vanquished Creatures
  A scorpion (D:4)
  2 orc wizards (D:4)
  3 adders
  3 dart slugs
  2 worms (D:4)
  4 orcs
  3 ball pythons
  6 endoplasms
  2 giant cockroaches
  10 goblins
  8 hobgoblins
  5 jackals (D:2)
  6 quokkas
  5 bats
  2 frilled lizards (D:2)
  7 kobolds
  3 rats
72 creatures vanquished.

Notes
Turn   | Place    | Note
-------+----------+-------------------------------------------
     0 | D:1      | qw the Deep Elf Hunter began the quest for the Orb.
     0 | D:1      | Reached XP level 1. HP: 12/12 MP: 3/3
     0 | D:1      | 0 ||| qw: Version: 0.3-a-9-g12657ce
     0 | D:1      | 0 ||| qw: Game counter: 2472
     0 | D:1      | 0 ||| qw: Always use a shield: true
     0 | D:1      | 0 ||| qw: God list: Okawaru
     0 | D:1      | 0 ||| qw: Allow faded altars: false
     0 | D:1      | 0 ||| qw: Do Orc after D:15 true
     0 | D:1      | 0 ||| qw: Do second Lair branch before Depths: true
     0 | D:1      | 0 ||| qw: Lair rune preference: random
     0 | D:1      | 0 ||| qw: Plans: Normal
     0 | D:1      | 0 ||| PLANNING D:1-11
   103 | D:1      | Reached XP level 2. HP: 12/16 MP: 4/4
   131 | D:1      | Reached skill level 6 in Ranged Weapons
   135 | D:1      | Found a faded altar of an unknown god.
   711 | D:1      | 711 ||| UPGRADING to +0 ring mail.
   721 | D:1      | 721 ||| DROPPING +0 leather armour.
   722 | D:1      | 722 ||| READING scroll labelled KURCHE WEVE.
   823 | D:1      | 823 ||| READING scroll labelled WORUBE GYACZAF.
   824 | D:1      | 824 ||| READING scroll labelled QETOLE KIPLA.
   825 | D:1      | 825 ||| DROPPING scroll of butterflies.
   967 | D:2      | Reached XP level 3. HP: 20/20 MP: 5/5
   974 | D:2      | 974 ||| FLEEEEING.
   978 | D:2      | 978 ||| FLEEEEING.
   979 | D:2      | 979 ||| FLEEEEING.
   980 | D:2      | 980 ||| FLEEEEING.
   981 | D:2      | 981 ||| FLEEEEING.
   982 | D:2      | 982 ||| FLEEEEING.
   983 | D:2      | 983 ||| FLEEEEING.
  1035 | D:2      | Reached skill level 7 in Ranged Weapons
  1777 | D:2      | 1777 ||| UPGRADING to +0 helmet.
  1782 | D:2      | 1782 ||| READING scroll labelled NAR MECZOMM.
  1783 | D:2      | 1783 ||| READING scroll labelled EBUGGY KAHUS.
  1784 | D:2      | 1784 ||| DRINKING 2 sedimented orange potions.
  1785 | D:2      | 1785 ||| DROPPING potion of brilliance.
  1892 | D:3      | Reached XP level 4. HP: 25/25 MP: 6/6
  2432 | D:3      | Identified the +0 leather armour of Eternity {rC+ Int+2}
  2668 | D:3      | 2668 ||| DROPPING +0 leather armour of Eternity {rC+
                  | Int+2}.
  2706 | D:4      | Reached skill level 8 in Ranged Weapons
  2733 | D:4      | Reached XP level 5. HP: 19/29 MP: 7/7
  2756 | D:4      | 2756 ||| FLEEEEING.
  2757 | D:4      | 2757 ||| FLEEEEING.
  2759 | D:4      | 2759 ||| FLEEEEING.
  2807 | D:4      | Found the +0 toga "Victory" {*Victory Clar}
  2948 | D:4      | Reached skill level 9 in Ranged Weapons
  2961 | D:4      | HP: 1/29 [iguana (10)]
  2962 | D:4      | Mangled by an iguana

Levels and vault maps discovered:
D:1:      sevenhm_arrival_forest_fort_small_4, layout_basic,
          hellmonk_ecumenical_altar_leap_of_faith, hangedman_decor_points,
          moated_statue
D:2:      layout_basic, serial_aquarium, aquarium_bridge_square
          [aquarium_subvault_bridge, aquarium_subvault_balcony,
          aquarium_subvault_bridge, aquarium_subvault_window],
          aquarium_window_2, aquarium_window_fake, aquarium_window_corridor_3,
          aquarium_window_1, aquarium_view_2g, aquarium_balcony_double_4,
          aquarium_pool_S
D:3:      layout_basic, fountainhead
D:4:      layout_basic, gammafunk_ghost_mausoleum

Skill      XL: |  1  2  3  4  5 |
---------------+----------------+-----
Ranged Weapons | 6 7 8 9 |  9.3
Fighting       | |  1.5
Dodging        | |  2.4
Stealth        | |  1.2

Action                     |  1- 3 |  4- 6 || total
---------------------------+-------+-------++-------
   Fire: Shortbow          |   126 |   107 ||   233
    Use: Scroll            |     5 |       ||     5
         Potion            |     1 |       ||     1
 Armour: Leather armour    |     2 |       ||     2
         Ring mail         |    17 |    20 ||    37
  Dodge: Dodged            |    48 |     7 ||    55

Table legend:
 A = Non-vault XP
 B = Vault XP
 C = Vault XP percentage of total XP
 D = Non-vault monster count
 E = Vault monster count
 F = Vault count percentage of total count
                 A         B        C        D         E       F
            +---------+---------+-------+---------+---------+-------
      Total |     324 |       0 |   0.0 |      72 |       0 |   0.0
            +---------+---------+-------+---------+---------+-------
        D:1 |      38 |       0 |   0.0 |      20 |       0 |   0.0
        D:2 |      47 |       0 |   0.0 |      19 |       0 |   0.0
        D:3 |      49 |       0 |   0.0 |      20 |       0 |   0.0
        D:4 |     190 |       0 |   0.0 |      13 |       0 |   0.0
            +---------+---------+-------+---------+---------+-------
